 Dungeon Crawl Stone Soup version 0.31.0-11-ge490571c62 (webtiles) character file.

Game seed: 8106136431337497765

36 qw the Shooter (level 3, -1/18 HPs)
             Began as a Spriggan Hunter on Feb 3, 2024.
             Slain by an adder (2 damage)
             ... on level 3 of the Dungeon.
             The game lasted 00:00:04 (1572 turns).

qw the Shooter (Spriggan Hunter)                    Turns: 1572, Time: 00:00:04

Health: -1/18      AC:  2    Str:  7    XL:     3   Next: 19%
Magic:  4/4        EV: 19    Int: 10    God:
Gold:   140        SH:  0    Dex: 20    Spells: 2/2 levels left

rFire   . . .        a - +0 shortbow
rCold   . . .        (shield currently unavailable)
rNeg    . . .        c - +0 robe
rPois   .            (helmet restricted)
rElec   .            (no cloak)
rCorr   .            (gloves unavailable)
SInv    +            (boots unavailable)
Will    .....        e - amulet of faith
Stlth   ++           (no ring)
HPRegen 0.23/turn    (no ring)
MPRegen 0.09/turn

%: faith
@: very quick
A: very small, no large weapons, unfitting armour, see invisible, speed 3
a: no special abilities


You were on level 3 of the Dungeon.
You visited 1 branch of the dungeon, and saw 3 of its levels.

You collected 140 gold pieces.


Innate Abilities, Weirdness & Mutations

You are very small and have problems with some larger weapons.
You are too small for most types of armour.
You have supernaturally acute eyesight. (SInv)
You cover ground extremely quickly. (Speed+++)


   Skills:
 - Level 1.5 Fighting
 + Level 4.5 Ranged Weapons
 - Level 4.0 Dodging
 - Level 1.5 Stealth


You had 2 spell levels left.
You didn't know any spells.
Your spell library was empty.

Inventory:

Hand Weapons
 a - a +0 shortbow (weapon)
Armour
 c - a +0 robe (worn)
Jewellery
 e - an amulet of faith (around neck)
Scrolls
 d - 2 scrolls of identify
Potions
 b - a potion of magic {unknown}
 f - a potion of mutation {unknown}
 g - 2 potions of curing

Dungeon Overview and Level Annotations

Branches:
Dungeon (3/15)

Altars:

Annotations:
D:3 Robin


Message History

The ball python constricts you. The adder closely misses you.
The ball python misses you. The ball python constricts you.
The adder bites you.
You shoot an arrow. The arrow hits the ball python.
The ball python is heavily wounded.
You feel sick. The ball python closely misses you.
The ball python constricts you. The adder closely misses you.
You shoot an arrow.
The arrow barely misses the ball python.
You feel sick. The ball python completely misses you.
The ball python constricts you. The adder closely misses you.
You shoot an arrow.
The arrow hits the ball python but does no damage.
The ball python is heavily wounded.
You feel sick. The adder completely misses you. The ball python misses you.
The ball python constricts you. The adder barely misses you.
The ball python bites you. The ball python constricts you.
You shoot an arrow. The arrow hits the ball python!
You kill the ball python!
You feel sick. The adder completely misses you.
You shoot an arrow.
The arrow hits the adder but does no damage.
You feel sick.
You are no longer poisoned.
The adder closely misses you. x2
You shoot an arrow. The arrow hits the adder.
The adder is lightly wounded.
The adder completely misses you. The adder closely misses you.
You shoot an arrow. The arrow misses the adder.
The adder barely misses you.
You shoot an arrow. The arrow hits the adder.
The adder is heavily wounded.
The adder bites you.
You shoot an arrow. The arrow hits the adder.
The adder is almost dead.
The adder barely misses you. The adder completely misses you.
You shoot an arrow.
The arrow hits the adder but does no damage.
The adder is almost dead.
The adder bites you.
You die...

...####.####......#
#....#.##
..........##......#
#....#...
...####.#.##........#
#....###.
..........#....#####
...... #
..##......#...##
####.....
#......#...# ..#
#.....
#####.##...##%.#..
#.##..S%.P..#
#.##..@# #.##...#
#.##...## #.......#
####........
#........ #########


You could see an adder.

Vanquished Creatures
  3 dart slugs (D:1)
  An orc (D:2)
  2 endoplasms (D:1)
  2 giant cockroaches
  7 goblins
  A hobgoblin (D:3)
  A quokka (D:1)
  5 ball pythons
  2 bats
  3 frilled lizards
  A kobold (D:2)
  A rat (D:1)
29 creatures vanquished.

Notes
Turn   | Place    | Note
-------+----------+-------------------------------------------
     0 | D:1      | qw the Spriggan Hunter began the quest for the Orb.
     0 | D:1      | Reached XP level 1. HP: 10/10 MP: 2/2
     0 | D:1      | 0 ||| qw: Version: 0.3-a-157-g843a77d
     0 | D:1      | 0 ||| qw: Game counter: 3848
     0 | D:1      | 0 ||| qw: Melee chars always use a shield: true
     0 | D:1      | 0 ||| qw: God list: Okawaru
     0 | D:1      | 0 ||| qw: Allow faded altars: false
     0 | D:1      | 0 ||| qw: Do Orc after clearing Dungeon:15 true
     0 | D:1      | 0 ||| qw: Do second Lair branch before Depths: true
     0 | D:1      | 0 ||| qw: Lair rune preference: random
     0 | D:1      | 0 ||| qw: Goals: Normal
     0 | D:1      | 0 ||| PLANNING D:1-11
   120 | D:1      | Reached skill level 3 in Dodging
   195 | D:1      | Reached XP level 2. HP: 14/14 MP: 3/3
   715 | D:1      | 715 ||| READING 3 scrolls labelled NAMPOO CUOVYTU.
   715 | D:1      | 715 ||| IDENTIFYING murky orange potion
   716 | D:1      | 716 ||| READING 2 scrolls of identify.
   716 | D:1      | 716 ||| IDENTIFYING 2 pink potions
   717 | D:1      | 717 ||| READING scroll of identify.
   717 | D:1      | 717 ||| IDENTIFYING scroll labelled ZIARAFRASEA
   718 | D:1      | 718 ||| DROPPING scroll of butterflies.
   719 | D:1      | 719 ||| DROPPING potion of berserk rage.
   720 | D:1      | 720 ||| DROPPING scroll of vulnerability.
  1322 | D:2      | 1322 ||| UPGRADING to amulet of faith.
  1327 | D:2      | 1327 ||| READING scroll labelled TOULELE JAREA.
  1328 | D:2      | 1328 ||| READING 2 scrolls labelled CAOGEGH HOSIYWK.
  1445 | D:3      | Noticed Robin
  1449 | D:3      | Reached XP level 3. HP: 17/18 MP: 4/4
  1463 | D:3      | HP: 3/18 [Robin/+0 whip (2)]
  1464 | D:3      | 1464 ||| READING scroll of teleportation.
  1566 | D:3      | HP: 4/18 [poisoned by an adder]
  1570 | D:3      | HP: 1/18 [adder (3)]
  1572 | D:3      | Slain by an adder

Levels and vault maps discovered:
D:1:      wander_arrival_chamber, layout_basic
D:2:      layout_loops_ring
D:3:      layout_basic, chequers_temple_overflow_statue_of_worship,
          minmay_shallow_snake_nest, uniq_robin

Skill      XL: |  1  2 |
---------------+-------+-----
Dodging        | 3 4 |  4.0
Fighting       | |  1.5
Ranged Weapons | |  4.5
Stealth        | |  1.5

Action                     || total
---------------------------++-------
   Fire: Shortbow          ||    81
    Use: Scroll            ||     6
 Armour: Robe              ||    16
  Dodge: Dodged            ||    47

Table legend:
 A = Non-vault XP
 B = Vault XP
 C = Vault XP percentage of total XP
 D = Non-vault monster count
 E = Vault monster count
 F = Vault count percentage of total count
                 A         B        C        D         E       F
            +---------+---------+-------+---------+---------+-------
      Total |      38 |      14 |  26.9 |      20 |       9 |  31.0
            +---------+---------+-------+---------+---------+-------
        D:1 |      25 |       0 |   0.0 |      11 |       0 |   0.0
        D:2 |       9 |       0 |   0.0 |       6 |       0 |   0.0
        D:3 |       4 |      14 |  77.8 |       3 |       9 |  75.0
            +---------+---------+-------+---------+---------+-------
